 Dungeon Sprint DCSS version 0.30-a0-672-gc3a7216ad8 (webtiles) character file.

Game seed: 2536412859509712253

328522 rocky1 the Acrobat (level 15, 144/144 HPs)
             Began as a Merfolk Gladiator on Jan 19, 2023.
             Was the Champion of Qazlal.
             Escaped with the Orb!
             The game lasted 00:34:36 (5711 turns).

rocky1 the Acrobat (Merfolk Gladiator)              Turns: 5711, Time: 00:34:37

Health: 144/144    AC: 24    Str: 20    XL:     15   Next: 47%
Magic:  29/29      EV: 36    Int: 19    God:    Qazlal [******]
Gold:   2736       SH: 13    Dex: 30    Spells: 14/14 levels left

rFire   . . .      SeeInvis .    I - +6 triple sword (holy)
rCold   + . .      Faith    .    (shield currently unavailable)
rNeg    . . .      Spirit   .    q - +4 scale mail of the Baker {Rampage Regen+ Int+4}
rPois   +          Reflect  +    z - +1 helmet of Rarat {Will+ Int+4 Dex+6}
rElec   .          Harm     .    C - +0 cloak
rCorr   .          Rampage  +    (no gloves)
Will    +++..      Clarity  +    F - +0 pair of boots "Orootz" {Slay+3}
Stlth   +          NoTele   +    j - amulet of reflection
HPRegen 1.24/turn                H - ring "Usityita" {rPois Will+ Int+6}
MPRegen 0.21/turn                A - +4 ring of protection

@: repel missiles
A: (nimble swimmer 2), mertail, fangs 1, agile 1, clarity, cold resistance 1,
strong 1, subdued magic 1
0: Orb of Zot
a: Renounce Religion, Upheaval, Elemental Force, Disaster Area


You escaped.
You worshipped Qazlal.
Qazlal was exalted by your worship.
You visited 1 branch You collected 6832 gold pieces.
You spent 4096 gold pieces at shops.

Inventory:

Hand Weapons
 c - a +6 demon blade of venom
 I - a +6 triple sword of holy wrath (weapon)
Missiles
 d - a throwing net (quivered)
 e - a javelin
Armour
 q - the +4 scale mail of the Baker (worn) {Rampage Regen+ Int+4}
   (You bought it in a shop in the Dungeon)

   Int:       It affects your intelligence (+4).
   Regen:     It increases your rate of health regeneration.
   Rampage:   It bestows one free step when moving towards enemies.
 z - the +1 helmet of Rarat (worn) {Will+ Int+4 Dex+6}
   (You bought it in a shop in the Dungeon)

   Int:       It affects your intelligence (+4).
   Dex:       It affects your dexterity (+6).
   Will:      It increases your willpower.
 C - a +0 cloak (worn)
 F - the +0 pair of boots "Orootz" (worn) {Slay+3}
   (You acquired it in the Dungeon)

   Slay:      It affects your accuracy & damage with ranged weapons and melee
   (+3).
 L - the +8 plate armour of Lan Ekuy {+Blink rPois rF+}
   (You found it in the Dungeon)

   rF:        It protects you from fire.
   rPois:     It protects you from poison.
   +Blink:    It lets you blink.
Jewellery
 f - a +4 ring of protection
 j - an amulet of reflection (around neck)
 n - a ring of ice
 y - a ring of protection from fire
 A - a +4 ring of protection (right hand)
 B - a +6 ring of dexterity
 D - an amulet of faith
 E - a ring of wizardry
 H - the ring "Usityita" (left hand) {rPois Will+ Int+6}
   (You acquired it in the Dungeon)

   [ring of intelligence]

   Int:       It affects your intelligence (+6).
   rPois:     It protects you from poison.
   Will:      It increases your willpower.
 J - the ring "Rygum" {*Slow rElec EV+5 Str+6 Int+2}
   (You found it in the Dungeon)

   [ring of evasion]

   EV:        It affects your evasion (+5).
   Str:       It affects your strength (+6).
   Int:       It affects your intelligence (+2).
   rElec:     It insulates you from electricity.
   *Slow:     It may slow you when you take damage.
 O - the amulet of Uvulyet {Spirit +Blink rC+}
   (You took it off an orc priest in the Dungeon)

   [amulet of guardian spirit]

   It causes incoming damage to be divided between your reserves of health and
   magic.
   rC:        It protects you from cold.
   +Blink:    It lets you blink.
Wands
 a - a wand of quicksilver (6)
 g - a wand of roots (4)
Scrolls
 l - 3 scrolls of identify
 x - 2 scrolls of torment
 G - 2 scrolls of vulnerability
 Q - a scroll of fog
Potions
 b - 28 potions of mutation
 h - 12 potions of haste
 i - 23 potions of magic
 m - 2 potions of attraction
 o - 9 potions of curing
 p - 2 potions of heal wounds
 r - 6 potions of resistance
 s - 3 potions of might
 t - 12 potions of flight
 u - 2 potions of berserk rage
 w - 3 potions of brilliance
 P - 3 potions of invisibility
Miscellaneous
 v - a phial of floods (inert)
 K - a lightning rod (4/4)
 M - a tin of tremorstones (2/2)
 N - a condenser vane (inert)


   Skills:
 + Level 21.1 Fighting
 + Level 24.7 Long Blades
 - Level 5.5 Throwing
 + Level 15.2 Armour
 + Level 26.1 Dodging
 - Level 3.9 Stealth
 + Level 20.2 Invocations
 + Level 10.2 Evocations


You had 14 spell levels left.
You didn't know any spells.
Your spell library contained the following spells:

 Spells                   Type           Power      Damage    Failure   Level
 Foxfire                  Conj/Fire      0%         2x1d4     34%         1
 Sting                    Tmut/Pois      0%         1d3       34%         1
 Lesser Beckoning         Tloc           0%         N/A       50%         2
 Passwall                 Tmut/Erth      0%         N/A       50%         2
 Poisonous Vapours        Pois/Air       0%         N/A       50%         2
 Static Discharge         Conj/Air       0%         2-2/arc   50%         2
 Sublimation of Blood     Necr           0%         N/A       50%         2
 Wereblood                Tmut           0%         N/A       50%         2
 Call Canine Familiar     Summ           0%         N/A       73%         3
 Gell's Gravitas          Tloc           0%         N/A       73%         3
 Portal Projectile        Hex/Tloc       0%         N/A       73%         3
 Teleport Other           Tloc           0%         N/A       73%         3
 Leda's Liquefaction      Hex/Erth       0%         N/A       98%         4
 Olgreb's Toxic Radiance  Pois           0%         N/A       98%         4
 Petrify                  Tmut/Erth      0%         N/A       98%         4
 Fireball                 Conj/Fire      0%         3d3       100%        5
 Irradiate                Conj/Tmut      0%         3d11      100%        5
 Metabolic Englaciation   Hex/Ice        0%         N/A       100%        5
 Dispersal                Tloc           0%         N/A       100%        6
 Starburst                Conj/Fire      0%         6d3       100%        6
 Statue Form              Tmut/Erth      0%         N/A       100%        6
 Malign Gateway           Summ/Tloc      0%         N/A       100%        7
 Summon Hydra             Summ           0%         N/A       100%        7
 Summon Horrible Things   Summ           0%         N/A       100%        8


Dungeon Overview and Level Annotations

Branches:
Dungeon (1/1)

Altars:
Cheibriados
Dithmenos
Elyvilon
Fedhas
Gozag
Hepliaklqana
Kikubaaqudgha
Makhleb
Nemelex Xobeh
Okawaru
Qazlal
Ru
Sif Muna
Trog
Uskayaw
Vehumet
Wu Jian
Xom
Yredelemnul
Zin
The Shining One
Jiyva
Lugonu

Shops:
D [?!*:(!?[:=[(*(:([*[(:!(==[=??([:(**


Innate Abilities, Weirdness & Mutations

((You are very nimble when in or above water. (Stealth+, EV+, Speed+++)))
Your lower body shifts to a powerful aquatic tail in water.
You have very sharp teeth.
You are agile. (Dex +4, Str/Int -1)
You possess an exceptional clarity of mind.
Your flesh is cold resistant. (rC+)
Your muscles are strong. (Str +4, Int/Dex -1)
Your spells are a little easier to cast, but a little less powerful.


Message History

There is an open door here.
Why would you want to do that?
You feel very buoyant.
You fly up into the air.
There is an open door here.
There is a huge open gate here.
There is a large open door here.
You see here quicksilver dragon scales.
You are starting to lose your buoyancy.
You see here quicksilver dragon scales.
You float gracefully downwards.
There is an open door here.
You see here the Orb of Zot.
You pick up the Orb of Zot!
The Orb lets out a hideous shriek!
The lords of Pandemonium are not amused.
Beware!
Now all you have to do is get back out of the dungeon!
There is an open door here.
You see here a +0 chain mail.
You see here a +3 great mace.
There is an open door here.
There is an open door here.
There is an open door here.
You see here 3 poisoned darts.
You see here a +0 hand axe.
There is a large open door here.
You see here a +0 longbow.
Items here: "" ) [.
Blink to where?
Press: ? - help, Dir - move target Your legs become a tail as you dive into the water.
The +0 pair of boots "Orootz" {Slay+3} melds into your body.
Floosh!
As you read the scroll of blinking, it crumbles to dust.
The +0 pair of boots "Orootz" {Slay+3} unmelds from your body.
There is an open door here.
There is an open door here.
There is a staircase leading out of the dungeon here.
You can't go down here!
Unknown command.
You have escaped!

##########÷~#+++#§§§#####....#.##
#########~~)..))§§~§.#.!'.^.^#..#
.......∩#~~~[.##'##..#..####.#..#
∩.....∩.#~~~~##.#~##.####..'.##.#
.∩...∩.∩#~~~~#..#..#....#..#...##
∩.∩.∩...#~~####...####..#####..##
.∩.∩.∩..#~##.###'###.##..#..'^§#.
..∩.∩...#~#...##.##...#..#..#^^#.
...⌠....'~'##.'.@.'###'..####..##
........#~#.####.##...#....###^^)
▓▓▓▓▓▓###~##.# #'###.##......~~~~
...######~~####.#.####~~.....~#'#
...#..'^##~~~#.###.#~~~~~~~.§~#..
∩..'..#'##'#~##.#.##~§§~~~~§.~#_.
...#)##§##(#~~##'##~§§≈§≈§~~§~#._
...###§§§####~§§§~~~~~~§≈≈≈§§~#_.
#|###≈§≈§§# #'''#''§#~§§≈≈≈§§~#._


There were no monsters in sight!

Vanquished Creatures
  Gloorx Vloq (D)
  A royal mummy (D)
  the Lernaean hydra (D)
  A curse toe (D)
  2 golden dragons (D)
  A bone dragon (D)
  A hellephant (D)
  An electric golem (D)
  A deep elf blademaster (D)
  3 quicksilver dragons (D)
  Murray (D)
  A deep elf master archer (D)
  A kraken (D)
  2 sphinxes (D)
  Roxanne (D)
  Gastronok (D)
  Kirke (D)
  2 storm dragons (D)
  A draconian knight (D)
  A frost giant (D)
  A draconian shifter (D)
  A cacodemon (D)
  A vampire knight (D)
  Nessos (D)
  3 lorocyprocas (D)
  A dire elephant (D)
  A deep elf high priest (D)
  An iron golem (D)
  A crystal guardian (D)
  A fire dragon (D)
  A yaktaur captain (D)
  An ice dragon (D)
  2 boulder beetles (D)
  A centaur warrior (D)
  A death yak (D)
  2 hell hogs (D)
  An iron elemental (D)
  Sonja (D)
  A skeletal warrior (D)
  3 sixfirhies (D)
  2 deep trolls (D)
  A death drake (D)
  An obsidian statue (D)
  A glowing orange brain (D)
  A harpy (D)
  An orange crystal statue (D)
  3 orc sorcerers (D)
  15 shining eyes (D)
  An oklob plant (D)
  3 manticores (D)
  An elephant (D)
  3 toenail golems (D)
  An eye of devastation (D)
  A yaktaur (D)
  A kobold demonologist (D)
  2 unseen horrors (D)
  5 polar bears (D)
  A hornet (D)
  A blink frog (D)
  2 slime creatures (D)
  6 flying skulls (D)
  7 wyverns (D)
  3 yaks (D)
  A golden eye (D)
  2 redbacks (D)
  8 water moccasins (D)
  10 floating eyes (D)
  2 swamp drakes (D)
  3 black bears (D)
  An earth elemental (D)
  5 necrophages (D)
  9 electric eels (D)
  4 lava snakes (D)
  An iron imp (D)
  4 orc priests (D)
  A jelly (D)
  A spectral adder (D)
  3 worms (D)
  A spectral ball python (D)
  A ballistomycete spore (D)
  7 tentacles (D)
178 creatures vanquished.

Vanquished Creatures (others)
  A death drake (D)
  Menkaure (D)
  A ballistomycete spore (D)
  5 tentacles (D)
8 creatures vanquished.

Grand Total: 186 creatures vanquished

Notes
Turn   | Place    | Note
-------+----------+-------------------------------------------
     0 | D        | rocky1 the Merfolk Gladiator began the quest for the Orb.
     0 | D        | Reached XP level 1. HP: 16/16 MP: 1/1
     1 | D        | Noticed a boulder beetle
     1 | D        | Noticed a boulder beetle
     5 | D        | Noticed a wyvern
     5 | D        | Noticed a wyvern
     9 | D        | Noticed a necrophage
     9 | D        | Noticed a necrophage
     9 | D        | Noticed a necrophage
     9 | D        | Noticed a necrophage
    12 | D        | Killed a necrophage
    13 | D        | Reached skill level 7 in Dodging
    13 | D        | Reached XP level 2. HP: 24/24 MP: 2/2
    13 | D        | Reached XP level 3. HP: 29/29 MP: 3/3
    13 | D        | Reached XP level 4. HP: 35/35 MP: 4/4
    14 | D        | Killed a necrophage
    15 | D        | Reached skill level 8 in Dodging
    15 | D        | Reached XP level 5. HP: 42/42 MP: 5/5
    17 | D        | Reached skill level 9 in Dodging
    21 | D        | Reached skill level 10 in Dodging
    21 | D        | Reached XP level 6. HP: 50/50 MP: 6/6
    59 | D        | Killed Menkaure
    82 | D        | Noticed a water moccasin
    86 | D        | Noticed a water moccasin
    95 | D        | Killed a water moccasin
    96 | D        | Reached skill level 5 in Fighting
    96 | D        | Reached skill level 10 in Long Blades
    96 | D        | Reached skill level 11 in Dodging
    96 | D        | Reached skill level 1 in Stealth
   102 | D        | Found a glowing golden altar of the Shining One.
   102 | D        | Found an ornate altar of the Wu Jian Council.
   103 | D        | Found a shimmering altar of Xom.
   103 | D        | Found a sacrificial altar of Ru.
   104 | D        | Found a basalt altar of Yredelemnul.
   104 | D        | Found a shimmering blue altar of Sif Muna.
   105 | D        | Found a glowing silver altar of Zin.
   105 | D        | Found a bloodstained altar of Trog.
   105 | D        | Found an ancient bone altar of Kikubaaqudgha.
   105 | D        | Found a stormy altar of Qazlal.
   105 | D        | Found a viscous altar of Jiyva.
   106 | D        | Found a hide-covered altar of Uskayaw.
   106 | D        | Found a corrupted altar of Lugonu.
   106 | D        | Found a shadowy altar of Dithmenos.
   107 | D        | Found a radiant altar of Vehumet.
   107 | D        | Found a burning altar of Makhleb.
   107 | D        | Found a white marble altar of Elyvilon.
   117 | D        | Killed a water moccasin
   120 | D        | Found a sparkling altar of Nemelex Xobeh.
   120 | D        | Found a blossoming altar of Fedhas.
   121 | D        | Found an iron altar of Okawaru.
   121 | D        | Found an opulent altar of Gozag.
   123 | D        | Found a hazy altar of Hepliaklqana.
   123 | D        | Found a snail-covered altar of Cheibriados.
   131 | D        | Became a worshipper of Qazlal Stormbringer
   248 | D        | Found Resm's Distillery.
   248 | D        | Found Zirghass's Antique Armour Emporium.
   248 | D        | Found Coimag's Armour Shoppe.
   248 | D        | Found Lypu's Book Shoppe.
   248 | D        | Found Ysyoteho's Magic Scroll Emporium.
   248 | D        | Found Cume's Jewellery Shoppe.
   248 | D        | Found Huf Tiaw's Jewellery Shoppe.
   248 | D        | Found Daatsul's Magic Scroll Shoppe.
   249 | D        | Found Xusonioz's Antique Weapon Shoppe.
   249 | D        | Found Kupsylan's General Store.
   255 | D        | Reached * piety under Qazlal
   265 | D        | Noticed a blink frog
   274 | D        | Killed a blink frog
   275 | D        | Reached skill level 5 in Throwing
   275 | D        | Reached skill level 1 in Armour
   275 | D        | Reached skill level 12 in Dodging
   275 | D        | Reached XP level 7. HP: 50/58 MP: 7/7
   282 | D        | Noticed Roxanne
   319 | D        | Killed a wyvern
   332 | D        | Killed a wyvern
   332 | D        | Reached ** piety under Qazlal
   333 | D        | Reached XP level 8. HP: 32/65 MP: 8/8
   461 | D        | Noticed a manticore
   462 | D        | Found Ziacreg's Book Emporium.
   462 | D        | Found Innioggiss's Antique Armour Shoppe.
   462 | D        | Noticed a manticore
   462 | D        | Noticed a manticore
   462 | D        | Noticed an oklob plant
   463 | D        | Found Xynigosm's Assorted Antiques.
   463 | D        | Found Ditties's Book Shoppe.
   463 | D        | Found Atubbimi's Distillery.
   464 | D        | Noticed a hell hog
   465 | D        | Noticed a hell hog
   486 | D        | Bought a runed helmet for 150 gold pieces
   501 | D        | Bought a scroll of acquirement for 572 gold pieces
   502 | D        | Acquired a +6 demon blade of venom
   563 | D        | Killed a boulder beetle
   564 | D        | Reached skill level 13 in Dodging
   604 | D        | Killed a boulder beetle
   605 | D        | Reached skill level 14 in Dodging
   605 | D        | Reached XP level 9. HP: 69/76 MP: 11/13
   641 | D        | Noticed a polar bear
   641 | D        | Noticed a polar bear
   642 | D        | Noticed a yaktaur
   642 | D        | Noticed a hornet
   642 | D        | Noticed a polar bear
   648 | D        | Killed a polar bear
   656 | D        | Killed a polar bear
   656 | D        | Reached *** piety under Qazlal
   657 | D        | Reached skill level 15 in Long Blades
   657 | D        | Reached skill level 15 in Dodging
   659 | D        | Killed a hornet
   660 | D        | Reached skill level 10 in Fighting
   667 | D        | Killed a polar bear
   670 | D        | Killed a yaktaur
   771 | D        | Noticed a kraken
  1043 | D        | Killed a kraken
  1043 | D        | Reached **** piety under Qazlal
  1044 | D        | Reached skill level 16 in Dodging
  1044 | D        | Reached XP level 10. HP: 26/88 MP: 16/16
  1607 | D        | Noticed a deep troll
  1607 | D        | Noticed a deep troll
  1619 | D        | Killed a deep troll
  1620 | D        | Reached skill level 17 in Dodging
  1627 | D        | Killed a deep troll
  1627 | D        | Reached ***** piety under Qazlal
  1628 | D        | Reached skill level 10 in Invocations
  1728 | D        | Bought a scroll of acquirement for 572 gold pieces
  1729 | D        | Acquired 673 gold pieces
  1734 | D        | Bought a faintly humming chain mail for 190 gold pieces
  1734 | D        | Identified the +1 chain mail of Minor Irritation {rCorr}
                  | (You bought it in a shop in the Dungeon)
  1736 | D        | Bought a potion of heal wounds for 70 gold pieces
  1736 | D        | Bought a potion of resistance for 140 gold pieces
  1744 | D        | Bought a potion of curing for 39 gold pieces
  1744 | D        | Bought a potion of flight for 39 gold pieces
  1744 | D        | Bought 2 potions of curing for 78 gold pieces
  1744 | D        | Bought a potion of curing for 39 gold pieces
  1748 | D        | Bought a scroll labelled HIRRUM MUTUSO for 22 gold pieces
  1748 | D        | Bought a glowing blue potion for 19 gold pieces
  1748 | D        | Bought a scroll labelled SAMEB YCHOMOA for 22 gold pieces
  1811 | D        | Noticed a death drake
  1821 | D        | Noticed a death drake
  1821 | D        | Killed a death drake
  1825 | D        | Noticed a crystal guardian
  1839 | D        | Killed a death drake
  1840 | D        | Reached XP level 11. HP: 61/96 MP: 5/19
  1852 | D        | Killed a crystal guardian
  1958 | D        | Noticed a shining eye
  1958 | D        | Noticed a shining eye
  1958 | D        | Noticed a shining eye
  1960 | D        | Gained mutation: Your magical capacity is low. (-10% MP) [a
                  | shining eye]
  1961 | D        | Killed a shining eye
  1962 | D        | Reached skill level 18 in Dodging
  1968 | D        | Killed a shining eye
  1969 | D        | Reached skill level 5 in Armour
  1973 | D        | Killed a shining eye
  2128 | D        | Noticed a deep elf master archer
  2135 | D        | Noticed an iron elemental
  2148 | D        | Killed an iron elemental
  2258 | D        | Lost mutation: Your magical capacity is low. (-10% MP)
                  | [potion of mutation]
  2258 | D        | Gained mutation: Your skin changes colour to match your
                  | surroundings (Stealth+). [potion of mutation]
  2258 | D        | Gained mutation: Your system is resistant to poisons.
                  | (rPois) [potion of mutation]
  2265 | D        | Killed a deep elf master archer
  2331 | D        | Noticed a fire dragon
  2331 | D        | Noticed an ice dragon
  2331 | D        | Noticed a death yak
  2332 | D        | Reached ****** piety under Qazlal
  2333 | D        | Killed a fire dragon
  2333 | D        | Killed a death yak
  2334 | D        | Reached skill level 19 in Dodging
  2340 | D        | Killed an ice dragon
  2341 | D        | Reached XP level 12. HP: 108/108 MP: 5/21
  2356 | D        | Identified the +10 shortbow of Fedhas, Lusting {elec, rF+}
  2358 | D        | Got Sif Muna's Precepts of the Cockroach
  2365 | D        | Identified the +5 falchion of Abomination {heavy, rPois rF+
                  | Will+ rCorr}
  2447 | D        | Noticed an electric golem
  2447 | D        | Noticed an iron golem
  2512 | D        | Killed an electric golem
  2513 | D        | Reached skill level 15 in Fighting
  2612 | D        | Noticed a sphinx
  2612 | D        | Noticed a sphinx
  2620 | D        | Killed a sphinx
  2621 | D        | Reached skill level 20 in Dodging
  2628 | D        | Killed a sphinx
  2781 | D        | Killed Roxanne
  2793 | D        | Found Kievisaz's Antique Weapon Boutique.
  2996 | D        | Noticed a cacodemon
  2997 | D        | Noticed a centaur warrior
  3001 | D        | Gained mutation: You are clumsy. (Dex -2) [a cacodemon]
  3004 | D        | Noticed a yaktaur captain
  3006 | D        | Killed a yaktaur captain
  3006 | D        | Gained mutation: You have hidden genetic defects. [a
                  | cacodemon]
  3008 | D        | Killed a centaur warrior
  3012 | D        | Noticed Kirke
  3018 | D        | Killed a cacodemon
  3019 | D        | Reached skill level 21 in Dodging
  3024 | D        | Killed Kirke
  3025 | D        | Reached skill level 15 in Invocations
  3025 | D        | Reached XP level 13. HP: 98/119 MP: 12/24
  3035 | D        | Gained mutation: You occasionally lose the ability to read
                  | scrolls when taking damage. [hidden defects]
  3036 | D        | Lost mutation: You are clumsy. (Dex -2) [potion of
                  | mutation]
  3036 | D        | Lost mutation: Your skin changes colour to match your
                  | surroundings (Stealth+). [potion of mutation]
  3036 | D        | Gained mutation: You have a pair of small horns on your
                  | head. [potion of mutation]
  3037 | D        | Lost mutation: You have a pair of small horns on your head.
                  | [potion of mutation]
  3037 | D        | Lost mutation: Your system is resistant to poisons. (rPois)
                  | [potion of mutation]
  3037 | D        | Lost mutation: You have hidden genetic defects. [potion of
                  | mutation]
  3037 | D        | Gained mutation: Your spells are a little harder to cast,
                  | but a little more powerful. [potion of mutation]
  3038 | D        | Lost mutation: Your spells are a little harder to cast, but
                  | a little more powerful. [potion of mutation]
  3038 | D        | Lost mutation: You occasionally lose the ability to read
                  | scrolls when taking damage. [potion of mutation]
  3038 | D        | Gained mutation: Your natural rate of healing is unusually
                  | fast. [potion of mutation]
  3038 | D        | Gained mutation: Your body sometimes deteriorates upon
                  | taking damage. [potion of mutation]
  3038 | D        | Gained mutation: You are partially covered in large bone
                  | plates. (SH +4) [potion of mutation]
  3038 | D        | Gained mutation: You have sharp fingernails. [potion of
                  | mutation]
  3065 | D        | Noticed a golden dragon
  3066 | D        | Noticed a bone dragon
  3067 | D        | Noticed a deep elf high priest
  3093 | D        | Killed a golden dragon
  3095 | D        | Noticed a storm dragon
  3098 | D        | Noticed a frost giant
  3102 | D        | Killed a deep elf high priest
  3104 | D        | Killed a frost giant
  3104 | D        | Killed a bone dragon
  3105 | D        | Killed a storm dragon
  3106 | D        | Reached skill level 22 in Dodging
  3267 | D        | Found Heicve's Assorted Antiques.
  3267 | D        | Found Uqolir's General Store.
  3267 | D        | Found Qiopnamm's Weapon Shop.
  3267 | D        | Found Sedaz's Armour Emporium.
  3267 | D        | Noticed a storm dragon
  3284 | D        | Killed a storm dragon
  3297 | D        | Bought a scroll of identify for 46 gold pieces
  3297 | D        | Bought a scroll labelled HIRRUM MUTUSO for 23 gold pieces
  3301 | D        | Noticed a golden dragon
  3320 | D        | Killed a golden dragon
  3321 | D        | Reached skill level 10 in Armour
  3465 | D        | Found Ecaybu's Armour Emporium.
  3465 | D        | Found Icer's Distillery.
  3465 | D        | Found Wozymofi's Magic Scroll Shop.
  3465 | D        | Found Upnelex's Magic Scroll Shoppe.
  3465 | D        | Found Zyigialu's Weapon Boutique.
  3466 | D        | Found Dubroyp's Armour Shoppe.
  3466 | D        | Found Cenoo's Book Boutique.
  3466 | D        | Found Saethria's Armour Emporium.
  3466 | D        | Found Piovi's Weapon Shop.
  3466 | D        | Found Kuggod's Weapon Emporium.
  3466 | D        | Found Eneab's Antique Weapon Shop.
  3466 | D        | Found Rala's Jewellery Shoppe.
  3475 | D        | Bought a potion of heal wounds for 70 gold pieces
  3475 | D        | Bought a potion of curing for 42 gold pieces
  3475 | D        | Bought a potion of might for 56 gold pieces
  3475 | D        | Bought a potion of haste for 140 gold pieces
  3475 | D        | Bought a potion of resistance for 140 gold pieces
  3488 | D        | Bought the +4 scale mail of the Baker {Rampage Regen+
                  | Int+4} for 551 gold pieces
  3500 | D        | Bought the +1 helmet of Rarat {Will+ Int+4 Dex+6} for 517
                  | gold pieces
  3559 | D        | Noticed the 27-headed Lernaean hydra
  3627 | D        | Noticed a black draconian knight
  3641 | D        | Killed a black draconian knight
  3642 | D        | Reached skill level 23 in Dodging
  3667 | D        | Acquired the ring "Usityita" {rPois Will+ Int+6}
  3669 | D        | Acquired a +6 triple sword of holy wrath
  3670 | D        | Acquired the +0 pair of boots "Orootz" {Slay+3}
  3796 | D        | Killed the 27-headed Lernaean hydra
  3797 | D        | Reached XP level 14. HP: 131/131 MP: 11/26
  3962 | D        | Found Uroagab's Jewellery Shoppe.
  3987 | D        | Identified the amulet of Uvulyet {Spirit +Blink rC+}
  3996 | D        | Found Natatt's Book Shoppe.
  3996 | D        | Identified the +8 plate armour of Lan Ekuy {+Blink rPois
                  | rF+}
  4034 | D        | Acquired a manual of Armour
  4121 | D        | Noticed Sonja
  4121 | D        | Noticed a hellephant
  4121 | D        | Noticed a purple draconian shifter
  4131 | D        | Killed a hellephant
  4132 | D        | Reached skill level 1 in Evocations
  4139 | D        | Killed Sonja
  4146 | D        | Killed a purple draconian shifter
  4279 | D        | Noticed a deep elf blademaster
  4290 | D        | Killed a deep elf blademaster
  4397 | D        | Gained mutation: You are frail. (-10% HP) [a shining eye]
  4397 | D        | Gained mutation: Your magical capacity is low. (-10% MP) [a
                  | shining eye]
  4398 | D        | Gained mutation: Your spells are a little easier to cast,
                  | but a little less powerful. [a shining eye]
  4399 | D        | Reached skill level 24 in Dodging
  4399 | D        | Reached skill level 5 in Evocations
  4669 | D        | Got the Elucidation of the Map
  4675 | D        | Lost mutation: You are frail. (-10% HP) [potion of
                  | mutation]
  4675 | D        | Lost mutation: Your magical capacity is low. (-10% MP)
                  | [potion of mutation]
  4675 | D        | Lost mutation: Your body sometimes deteriorates upon taking
                  | damage. [potion of mutation]
  4675 | D        | Gained mutation: You expend magic power (3 MP) to
                  | strengthen your wands. [potion of mutation]
  4676 | D        | Lost mutation: You are partially covered in large bone
                  | plates. (SH +4) [potion of mutation]
  4676 | D        | Lost mutation: Your natural rate of healing is unusually
                  | fast. [potion of mutation]
  4676 | D        | Lost mutation: You have sharp fingernails. [potion of
                  | mutation]
  4676 | D        | Gained mutation: Your body sometimes deteriorates upon
                  | taking damage. [potion of mutation]
  4676 | D        | Gained mutation: You are weak. (Str -2) [potion of
                  | mutation]
  4677 | D        | Lost mutation: Your spells are a little easier to cast, but
                  | a little less powerful. [potion of mutation]
  4677 | D        | Lost mutation: You expend magic power (3 MP) to strengthen
                  | your wands. [potion of mutation]
  4677 | D        | Lost mutation: You are weak. (Str -2) [potion of mutation]
  4677 | D        | Gained mutation: Your muscles are strong. (Str +4, Int/Dex
                  | -1) [potion of mutation]
  4677 | D        | Gained mutation: Your body often deteriorates upon taking
                  | damage. [potion of mutation]
  4677 | D        | Gained mutation: You are agile. (Dex +4, Str/Int -1)
                  | [potion of mutation]
  4678 | D        | Lost mutation: Your body often deteriorates upon taking
                  | damage. [potion of mutation]
  4678 | D        | Lost mutation: Your body sometimes deteriorates upon taking
                  | damage. [potion of mutation]
  4678 | D        | Gained mutation: Your spells are a little easier to cast,
                  | but a little less powerful. [potion of mutation]
  4678 | D        | Gained mutation: You do not regenerate when monsters are
                  | visible. [potion of mutation]
  4678 | D        | Gained mutation: You possess an exceptional clarity of
                  | mind. [potion of mutation]
  4680 | D        | Lost mutation: You do not regenerate when monsters are
                  | visible. [potion of mutation]
  4680 | D        | Lost mutation: Your muscles are strong. (Str +4, Int/Dex
                  | -1) [potion of mutation]
  4680 | D        | Gained mutation: Your muscles are strong. (Str +4, Int/Dex
                  | -1) [potion of mutation]
  4680 | D        | Gained mutation: You have very sharp teeth. [potion of
                  | mutation]
  4680 | D        | Gained mutation: Your flesh is cold resistant. (rC+)
                  | [potion of mutation]
  4696 | D        | Killed a lorocyproca
  4703 | D        | Noticed a quicksilver dragon
  4706 | D        | Killed a lorocyproca
  4715 | D        | Killed a quicksilver dragon
  4867 | D        | Noticed a quicksilver dragon
  4871 | D        | Killed a quicksilver dragon
  4871 | D        | Noticed a quicksilver dragon
  4880 | D        | Killed a quicksilver dragon
  4892 | D        | Killed a lorocyproca
  5057 | D        | Noticed Murray
  5066 | D        | Killed Murray
  5072 | D        | Noticed Gloorx Vloq
  5072 | D        | Noticed a curse toe
  5072 | D        | Noticed a royal mummy
  5072 | D        | Noticed a vampire knight
  5073 | D        | Killed a royal mummy
  5074 | D        | Reached skill level 25 in Dodging
  5074 | D        | Noticed an Executioner
  5074 | D        | Killed a curse toe
  5074 | D        | Killed a vampire knight
  5075 | D        | Reached XP level 15. HP: 40/142 MP: 11/28
  5078 | D        | Killed Gloorx Vloq
  5331 | D        | Reached skill level 15 in Armour
  5350 | D        | Identified the +2 scale mail "Viyfial" {Str+4}
  5351 | D        | Identified the +1 rapier of Uhab {speed, Drain Fly rF+ rC+}
  5361 | D        | Identified the +5 battleaxe of Quesm {antimagic, rC++}
  5412 | D        | Noticed Gastronok
  5418 | D        | Killed Gastronok
  5424 | D        | Reached skill level 26 in Dodging
  5426 | D        | Reached skill level 10 in Evocations
  5452 | D        | Found Seutott's General Store.
  5455 | D        | Found Sidec's Weapon Shop.
  5455 | D        | Noticed Nessos
  5459 | D        | Identified the ring "Rygum" {*Slow rElec EV+5 Str+6 Int+2}
  5462 | D        | Killed Nessos
  5474 | D        | Bought a potion of haste for 130 gold pieces
  5474 | D        | Bought 2 potions of invisibility for 208 gold pieces
  5474 | D        | Bought a potion of invisibility for 104 gold pieces
  5474 | D        | Bought a scroll of fog for 52 gold pieces
  5474 | D        | Bought a potion of heal wounds for 65 gold pieces
  5653 | D        | Got the Orb of Zot
  5711 | D        | Escaped with the Orb!

Illustrated notes

Levels and vault maps discovered:
D:        the_violet_keep_of_menkaure [sprint2_stairs_cluster_1,
          sprint2_shoproom, sprint2_temple, sprint2_basic_supplies,
          sprint2_obstacle_6, sprint2_obstacle_5, sprint2_obstacle_7,
          sprint2_obstacle_4, sprint2_obstacle_3, sprint2_timed_cluster_1,
          sprint2_smallroom_cluster_1, sprint2_smallroom_final_cluster_1,
          sprint2_transparent_cluster_1, sprint2_second_timed_cluster_1,
          sprint2_sniper_area_1, sprint2_heavy_combat_area_1,
          sprint2_mutation_trap_area_1, sprint2_forest_area_1,
          sprint2_light_combat_area_1, sprint2_behind_water_1,
          sprint2_near_end_vault_1]

Skill      XL: |  1  2  3  4  5  6  7  8  9 10 11 12 13 14 15 |
---------------+----------------------------------------------+-----
Fighting       | 3 4 6 9 11 12 14 16 18 20 21 | 21.1
Long Blades    | 6 7 9 12 13 14 16 17 18 20 22 23 24 | 24.7
Throwing       | 3 4 5 |  5.5
Dodging        | 7 8 10 12 14 16 17 19 21 23 25 26 | 26.1
Stealth        | 2 3 |  3.9
Armour         | 1 2 4 6 8 11 14 15 | 15.2
Invocations    | 6 9 10 13 15 17 19 20 | 20.2
Evocations     | 8 10 | 10.2

Action                   |  1- 3 |  4- 6 |  7- 9 | 10-12 | 13-15 || total
-------------------------+-------+-------+-------+-------+-------++-------
Melee: Long sword        |     2 |    36 |    19 |       |       ||    57
       Tailslap          |       |     3 |    17 |    31 |     9 ||    60
       Punch             |       |     1 |     1 |     4 |     4 ||    10
       Demon blade       |       |       |    69 |   183 |   136 ||   388
       Triple sword      |       |       |       |       |   140 ||   140
       Bite              |       |       |       |       |    13 ||    13
Throw: Throwing net      |       |     2 |       |       |       ||     2
Invok: Upheaval          |       |       |       |    15 |     5 ||    20
       Disaster Area     |       |       |       |     4 |     8 ||    12
Evoke: Phial of floods   |       |       |       |       |     1 ||     1
       Condenser vane    |       |       |       |       |     1 ||     1
  Use: Potion            |     1 |     1 |     1 |     6 |    13 ||    22
       Scroll            |       |       |     1 |     6 |    10 ||    17
 Stab: Sleeping          |       |     2 |       |       |       ||     2
       Held in net/web   |       |     1 |       |       |       ||     1
Armor: Leather armour    |       |     1 |     5 |     1 |       ||     7
       Troll leather arm |       |       |       |     8 |    10 ||    18
       Scale mail        |       |       |       |       |     9 ||     9
Dodge: Dodged            |       |    16 |    58 |   146 |   150 ||   370
       Repelled          |       |       |       |     8 |     7 ||    15
Block: Other             |       |       |     5 |    46 |   126 ||   177
       Reflection        |       |       |       |     2 |     4 ||     6

Table legend: (Time is in decaauts)
 A = Elapsed time spent in this place.
 B = Non-inter-level travel time spent in this place.
 C = Inter-level travel time spent in this place.
 D = Time resting spent in this place.
 E = Time spent auto-exploring this place.
 F = Levels seen in this place.
 G = Mean time per level.
                   A        B        C        D        E       F      G
               +--------+--------+--------+--------+--------+-----+--------+
         Total |   5353 |   5174 |    179 |   2618 |      0 |   1 | 5353.0 |
       Dungeon |   5353 |   5174 |    179 |   2618 |      0 |   1 | 5353.0 |
               +--------+--------+--------+--------+--------+-----+--------+

Top non-repeatable levels by time:
       D: 5353 daAuts
